 Dungeon Sprint DCSS version 0.32-a0-814-g0968bab981 (webtiles) character file.

Game seed: 15986038401928341158

180 Pestilence the Trooper (level 5, -7/46 HPs)
             Began as a Demonspawn Fighter on Mar 22, 2024.
             Was an Initiate of Makhleb.
             Killed by divine providence
             ... invoked by an orc priest
              (15 damage)
             ... in the Dungeon (Sprint IX: "|||||||||||||||||||||||||||||").
             The game lasted 00:01:28 (489 turns).

Pestilence the Trooper (Demonspawn Fighter)          Turns: 489, Time: 00:01:28

Health: -7/46      AC: 13    Str: 21    XL:     5   Next: 33%
Magic:  5/5        EV:  8    Int: 11    God:    Makhleb [......]
Gold:   0          SH:  5    Dex: 13    Spells: 4/4 levels left

rFire   + . .        n - +2 rapier "Abucyb" {freeze, rElec rF+ SInv}
rCold   . . .        c - +0 buckler
rNeg    . . .        o - +1 scale mail
rPois   .            (no helmet)
rElec   +            (no cloak)
rCorr   .            a - +0 pair of gloves
SInv    +            m - +0 pair of boots
Will    .....        (no amulet) Stlth
                     b - +3 ring of intelligence
HPRegen 0.27/turn    p - +3 ring of strength
MPRegen 0.09/turn

%: no teleportation
@: mighty
A: molten scales 1, spiny 1
a: Renounce Religion


You were in the Dungeon.
You worshipped Makhleb.
Makhleb was noncommittal.
You visited 1 branch

Inventory:

Hand Weapons
 n - the +2 rapier "Abucyb" (weapon) {freeze, rElec rF+ SInv}
   (You found it in the Dungeon)

   rF+:       It protects you from fire.
   rElec:     It insulates you from electricity.
   SInv:      It lets you see invisible.
Armour
 a - a +0 pair of gloves (worn)
 c - a +0 buckler (worn)
 m - a +0 pair of boots (worn)
 o - a +1 scale mail (worn)
Jewellery
 b - a +3 ring of intelligence (left hand)
 p - a +3 ring of strength (right hand)
Wands
 l - a wand of light (10)
Scrolls
 j - 2 scrolls of blinking
 k - 2 scrolls of amnesia
Potions
 e - 5 potions of curing
 f - a potion of heal wounds
 g - a potion of haste
 h - 4 potions of magic
 i - a potion of invisibility


   Skills:
 + Level 6.2 Fighting
 + Level 5.2 Long Blades
 + Level 5.7 Armour
 + Level 5.7 Shields


You had 4 spell levels left.
You didn't know any spells.
Your spell library was empty.

Dungeon Overview and Level Annotations

Branches:
Dungeon (1/1)

Altars:
Cheibriados
Dithmenos
Fedhas
Gozag
Hepliaklqana
Kikubaaqudgha
Makhleb
Nemelex Xobeh
Okawaru
Qazlal
Ru
Sif Muna
Trog
Uskayaw
Vehumet
Wu Jian
Xom
Yredelemnul
Beogh
Jiyva
Lugonu


Innate Abilities, Weirdness & Mutations

You are partially covered in molten scales. (AC +2)
You are partially covered in sharp spines.


Message History

The acid dragon roars!
The yak bellows!
The orc priest shouts!
The yak bellows!
The two-headed ogre shouts in stereo!
The shadow slips into darkness.
The shadow flickers and vanishes for a moment.
Okay, then.
You don't know any spells.
Your library has no spells.
Okay, then.
You feel very mighty all of a sudden. You block the two-headed ogre's attack.
The two-headed ogre barely misses you.
You hit the two-headed ogre. You freeze the two-headed ogre.
The two-headed ogre is lightly wounded.
The two-headed ogre is struck by your spines.
The two-headed ogre hits you with a +0 dire flail!
The two-headed ogre hits you with a +0 giant club!
You barely miss the two-headed ogre.
The two-headed ogre is lightly wounded.
You puncture the two-headed ogre! You freeze the two-headed ogre.
The two-headed ogre is moderately wounded.
You block the two-headed ogre's attack. x2
You feel much better.
The two-headed ogre hits you with a +0 dire flail!
You block the two-headed ogre's attack.
You closely miss the two-headed ogre.
The two-headed ogre is moderately wounded.
You hit the two-headed ogre. You freeze the two-headed ogre.
The two-headed ogre is heavily wounded.
The two-headed ogre is struck by your spines.
The two-headed ogre hits you with a +0 dire flail.
The two-headed ogre hits you with a +0 giant club!
* * * LOW HITPOINT WARNING * * *
You feel much better.
The two-headed ogre hits you with a +0 dire flail!
The two-headed ogre hits you with a +0 giant club!
* * * LOW HITPOINT WARNING * * *
You completely miss the two-headed ogre.
The two-headed ogre is heavily wounded.
The orc priest calls down the wrath of Beogh upon you.
Beogh smites you!
You die... ▓▓▓▓▓▓▓▓▓▓▓▓▓▓▓▓▓▓▓▓▓▓▓▓ .DWoYYO@.[...)..'_______ ▓▓▓▓▓▓▓▓▓▓▓▓▓▓▓▓▓▓▓▓▓▓▓▓

You could see a two-headed ogre, 2 yaks, an acid dragon, a shadow (invisible) and an orc priest.

Vanquished Creatures
  A phantom (D)
  A scorpion (D)
  An iguana (D)
  A gnoll (D)
  A dart slug (D)
  An orc (D)
  2 endoplasms (D)
  2 hobgoblins (D)
10 creatures vanquished.

Notes
Turn   | Place    | Note
-------+----------+-------------------------------------------
     0 | D        | Pestilence the Demonspawn Fighter began the quest for the
                  | Orb.
     0 | D        | Reached XP level 1. HP: 18/18 MP: 1/1
    21 | D        | Gained mutation: You are partially covered in molten
                  | scales. (AC +2) [demonic ancestry]
    21 | D        | Reached XP level 2. HP: 10/24 MP: 2/2
   181 | D        | Noticed a phantom
   181 | D        | Noticed a scorpion
   201 | D        | Killed a phantom
   202 | D        | Reached skill level 5 in Fighting
   202 | D        | Reached XP level 3. HP: 23/33 MP: 3/3
   202 | D        | Reached XP level 4. HP: 27/39 MP: 4/4
   206 | D        | Killed a scorpion
   207 | D        | Reached skill level 5 in Armour
   207 | D        | Reached skill level 5 in Shields
   207 | D        | Gained mutation: You are partially covered in sharp spines.
                  | [demonic ancestry]
   207 | D        | Reached XP level 5. HP: 22/46 MP: 5/5
   289 | D        | Reached skill level 5 in Long Blades
   300 | D        | Reached skill level 6 in Fighting
   405 | D        | Found a roughly hewn altar of Beogh.
   405 | D        | Found a snail-covered altar of Cheibriados.
   405 | D        | Found a shadowy altar of Dithmenos.
   405 | D        | Found a blossoming altar of Fedhas.
   405 | D        | Found an opulent altar of Gozag.
   406 | D        | Found a hazy altar of Hepliaklqana.
   407 | D        | Found a viscous altar of Jiyva.
   408 | D        | Found an ancient bone altar of Kikubaaqudgha.
   409 | D        | Found a corrupted altar of Lugonu.
   410 | D        | Found a burning altar of Makhleb.
   411 | D        | Found a sparkling altar of Nemelex Xobeh.
   412 | D        | Found an iron altar of Okawaru.
   413 | D        | Found a stormy altar of Qazlal.
   414 | D        | Found a sacrificial altar of Ru.
   415 | D        | Found a shimmering blue altar of Sif Muna.
   416 | D        | Found a bloodstained altar of Trog.
   417 | D        | Found a hide-covered altar of Uskayaw.
   418 | D        | Became a worshipper of Makhleb the Destroyer
   419 | D        | Found a radiant altar of Vehumet.
   420 | D        | Found an ornate altar of the Wu Jian Council.
   421 | D        | Found a shimmering altar of Xom.
   422 | D        | Found a basalt altar of Yredelemnul.
   442 | D        | Got the +2 rapier "Abucyb" {freeze, rElec rF+ SInv}
   480 | D        | Noticed an acid dragon
   480 | D        | Noticed a shadow
   480 | D        | Noticed a yak
   480 | D        | Noticed a yak
   480 | D        | Noticed a two-headed ogre
   489 | D        | Killed from afar by an orc priest

Illustrated notes

Levels and vault maps discovered:
D:        linesprint [early_d, line_temple, items_1, d_10, items_2, lair_1,
          lair_end, items_3, orc_1, orc_end, items_4, d_15, swamp_1, shoals_1,
          snake_1, spider_1, d_20, vaults_1, items_5, swamp_end, shoals_end,
          snake_end, spider_end, vaults_end, d_27, items_6, zot_1, zot_end,
          crypt_end, forest_end, elf_end, slime_end, tomb_end, abyss_end,
          pan_hell_end]

Skill      XL: |  1  2  3  4  5 |
---------------+----------------+-----
Long Blades    | 2 4 5 |  5.2
Armour         | 3 4 5 |  5.7
Shields        | 3 4 5 |  5.7
Fighting       | 5 6 |  6.2

Action                     |  1- 3 |  4- 6 || total
---------------------------+-------+-------++-------
  Melee: Long sword        |    35 |    21 ||    56
         Rapier            |       |     6 ||     6
    Use: Potion            |     1 |     3 ||     4
 Armour: Scale mail        |    22 |    20 ||    42
  Dodge: Dodged            |     9 |     7 ||    16
  Block: Buckler           |     3 |     7 ||    10

Table legend: (Time is in decaauts)
 A = Elapsed time spent in this place.
 B = Non-inter-level travel time spent in this place.
 C = Inter-level travel time spent in this place.
 D = Time resting spent in this place.
 E = Time spent auto-exploring this place.
 F = Levels seen in this place.
 G = Mean time per level.
                   A        B        C        D        E       F      G
               +--------+--------+--------+--------+--------+-----+--------+
         Total |    507 |    507 |      0 |    341 |      0 |   1 |  507.0 |
       Dungeon |    507 |    507 |      0 |    341 |      0 |   1 |  507.0 |
               +--------+--------+--------+--------+--------+-----+--------+

Top non-repeatable levels by time:
       D: 507 daAuts
